MONTREAL vs DETROIT

Created - January 8, 2021 at 10:34

Goals
1 2 3 OT1 T
MONTREAL 0 0 1 0 1
DETROIT 0 1 0 1 2
Shots
1 2 3 OT1 T
MONTREAL 7 8 13 0 28
DETROIT 7 3 4 1 15

1st period

No Goal

Penalties :
Nathan Beaulieu (MON) for Slashing (Double Minor) at 13:30, Nathan Beaulieu (MON) for Slashing (Minor) at 19:03

2nd period

1. DETROIT , Alex Pietrangelo 2 (Ryan Nugent-Hopkins 3, Taylor Hall 2) at 4:03

Penalties :
P.K. Subban (MON) for Charging (Minor) at 18:38

3rd period

2. MONTREAL , Max Pacioretty 2 (Nathan MacKinnon 2, P.K. Subban 5) at 5:44

Penalties :
Zemgus Girgensons (DET) for High sticking (Minor) at 8:18, Nathan Beaulieu (MON) for Hooking (Minor) at 8:18, Andrej Sekera (DET) for Slashing (Minor) at 14:25

Overtime #1

3. DETROIT , Calle Jarnkrok 1 (Chandler Stephenson 3) at 0:06

Penalties :
No Penalty

Goalie Stats

Robin Lehner (MON), 13 saves from 15 shots - (0.867), OTL, 2-1-1, 60:07 minutes
John Gibson (DET), 27 saves from 28 shots - (0.964), W, 2-1-1, 60:07 minutes

Players Stats for MONTREAL

Player Name              G  A  P  +/- PIM S  H  SB GA TA FO     MP     PP MP  PK MP  
------------------------------------------------------------------------------------
Alex Iafallo             0  0  0   1  0   0  0  0  0  0  0/1    15:34   0:00   0:00 
Brock McGinn             0  0  0  -1  0   3  1  1  0  0  0/1    12:09   0:00   4:21 
Connor Murphy            0  0  0  -2  0   1  0  1  0  0  0/0    20:45   0:00   3:55 
Erik Gustafsson          0  0  0   0  0   0  1  1  0  0  0/0    20:36   1:07   3:55 
Joel Armia               0  0  0   0  0   1  2  1  0  0  0/1    14:48   0:00   2:11 
Keith Yandle             0  0  0  -1  0   1  0  1  0  0  0/0    19:17   0:52   2:31 
Mark Jankowski           0  0  0   0  0   1  0  0  0  0  3/6     7:55   0:00   1:03 
Max Pacioretty           1  0  1   1  0   2  0  0  0  0  0/1    18:52   0:52   1:16 
Nathan Beaulieu          0  0  0   0  8   3  1  0  0  0  0/0    15:38   0:00   0:56 
Nathan MacKinnon         0  1  1   1  0   2  0  0  0  0  11/16  17:36   0:52   0:00 
Nino Niederreiter        0  0  0  -1  0   1  1  0  0  0  0/1    13:02   0:00   0:00 
P.K. Subban              0  1  1   1  2   2  2  0  0  0  0/0    22:46   1:07   3:07 
Phillip Danault          0  0  0  -2  0   2  0  0  0  0  9/24   19:51   1:07   4:46 
Roope Hintz              0  0  0   0  0   1  1  0  0  0  1/1    13:44   1:07   0:00 
Tomas Tatar              0  0  0  -1  0   2  0  0  0  0  0/0    13:54   0:52   0:00 
Tony DeAngelo            0  0  0   1  0   1  0  1  0  0  0/0    20:26   0:52   1:01 
Vincent Trocheck         0  0  0   0  0   3  4  0  0  0  3/7    15:52   1:07   2:08 
Wayne Simmonds           0  0  0   0  0   2  0  0  0  0  0/0     7:30   0:00   0:38 

Players Stats for DETROIT

Player Name              G  A  P  +/- PIM S  H  SB GA TA FO     MP     PP MP  PK MP  
------------------------------------------------------------------------------------
Aaron Ekblad             0  0  0   0  0   1  0  1  0  0  0/0    22:33   5:18   1:29 
Alex Pietrangelo         1  0  1   0  0   1  0  0  0  0  0/0    22:33   5:18   1:29 
Alexander Wennberg       0  0  0   0  0   1  0  0  0  0  3/6    11:18   0:00   0:00 
Andrej Sekera            0  0  0   1  2   0  0  0  0  0  0/0    12:07   0:00   0:00 
Brendan Smith            0  0  0   0  0   0  1  0  0  0  0/0     7:29   0:00   0:00 
Calle Jarnkrok           1  0  1   1  0   5  0  0  0  0  1/1    17:36   3:21   0:00 
Chandler Stephenson      0  1  1   1  0   1  0  0  0  0  0/2     9:41   1:03   0:00 
Christian Dvorak         0  0  0   0  0   2  2  0  0  0  8/13   17:29   3:21   0:00 
Colton Sceviour          0  0  0   0  0   0  1  0  0  0  0/0    10:54   0:50   1:33 
Justin Abdelkader        0  0  0   0  0   1  0  0  0  0  6/9     9:21   0:50   0:00 
Max Domi                 0  0  0   0  0   1  0  0  0  0  0/1    18:19   3:21   0:00 
Oscar Klefbom            0  0  0   0  0   0  1  0  0  0  0/0    17:57   2:39   0:30 
Patrik Nemeth            0  0  0   0  0   0  0  0  0  0  0/0    12:01   0:00   0:00 
Robert Bortuzzo          0  0  0   0  0   1  2  3  0  0  0/0     7:29   0:00   0:00 
Ryan Nugent-Hopkins      0  1  1   0  0   0  0  0  0  0  3/7    20:36   3:46   1:33 
Scott Laughton           0  0  0   0  0   0  2  0  0  0  11/18  18:57   3:33   0:26 
Taylor Hall              0  1  1   0  0   1  0  0  0  0  0/0    19:03   3:46   0:00 
Tyler Myers              0  0  0   0  0   0  1  1  0  0  0/0    17:57   2:39   0:30 
Valeri Nichushkin        0  0  0   0  0   0  0  1  0  0  0/2    11:18   0:00   0:00 
Zemgus Girgensons        0  0  0   0  2   0  1  0  0  0  0/0    11:43   0:00   0:26 

3 Stars

1 - John Gibson (DET)
2 - Calle Jarnkrok (DET)
3 - Max Pacioretty (MON)

Power Play

MONTREAL - 0 on 1 Attempt(s) - 0.00%
DETROIT - 0 on 4 Attempt(s) - 0.00%

Penalty Kill

MONTREAL - 4 on 4 Attempt(s) - 100.00% - Score 0 goal in Penalty Kill
DETROIT - 1 on 1 Attempt(s) - 100.00% - Score 0 goal in Penalty Kill

Team Stat

MONTREAL - Hits : 13 - Faceoff Wins : 27 - Blocked Shots : 6 - Penalty Minutes : 10
DETROIT - Hits : 11 - Faceoff Wins : 32 - Blocked Shots : 6 - Penalty Minutes : 4

Official

Referees : Andrew Howard and Shaun Davis
Linesman : Darren Gibbs and Brandon Gawryletz

Game Notes

No Game Note

Finance

Level 1 -- Attendance: 3659 (60.98%) -- Ticket Income $402,490
Level 2 -- Attendance: 3800 (76.00%) -- Ticket Income $228,000
Level 3 -- Attendance: 1486 (74.30%) -- Ticket Income $59,440
Level 4 -- Attendance: 2476 (61.90%) -- Ticket Income $61,900
Luxury Box -- Attendance: 976 (97.60%) -- Ticket Income $175,680
Game was played at the Little Caesars Arena.
Total Attendance: 12397 (68.87%)
Total Ticket Income: $927,510
Total Income: $927,510

MONTREAL

5 vs 5 Forward 
   Center                   Left Wing                Right Wing               Time % Phy DF OF 
 1 Nathan MacKinnon         Max Pacioretty           Alex Iafallo             35     0   1  4  
 2 Phillip Danault          Tomas Tatar              Nino Niederreiter        30     0   2  3  
 3 Vincent Trocheck         Roope Hintz              Joel Armia               25     1   2  2  
 4 Mark Jankowski           Brock McGinn             Wayne Simmonds           10     1   3  1  

5 vs 5 Defense 
   Defense                  Defense                                           Time % Phy DF OF 
 1 P.K. Subban              Tony DeAngelo                                     37     0   2  3  
 2 Keith Yandle             Connor Murphy                                     32     0   2  3  
 3 Erik Gustafsson          Nathan Beaulieu                                   25     1   2  2  
 4 P.K. Subban              Tony DeAngelo                                     6      0   3  2  

PowerPlay Forward 
   Center                   Left Wing                Right Wing               Time % Phy DF OF 
 1 Nathan MacKinnon         Max Pacioretty           Tomas Tatar              60     0   1  4  
 2 Phillip Danault          Roope Hintz              Vincent Trocheck         40     0   1  4  

PowerPlay Defense
   Defense                  Defense                                           Time % Phy DF OF 
 1 Keith Yandle             Tony DeAngelo                                     60     0   2  3  
 2 P.K. Subban              Erik Gustafsson                                   40     0   2  3  

Penalty Kill 4 Players Forward 
   Center                   Wing                     Time % Phy DF OF 
 1 Phillip Danault          Brock McGinn             60     0   4  1  
 2 Vincent Trocheck         Joel Armia               40     0   4  1  

Penalty Kill 4 Players Defense
   Defense                  Defense                  Time % Phy DF OF 
 1 Connor Murphy            P.K. Subban              60     1   3  1  
 2 Erik Gustafsson          Nathan Beaulieu          40     1   3  1  

Penalty Kill - 3 Players Forward 
   Forward                                           Time % Phy DF OF 
 1 Phillip Danault                                   60     0   5  0  
 2 Vincent Trocheck                                  40     0   5  0  

Penalty Kill - 3 Players Defense
   Defense                  Defense                  Time % Phy DF OF 
 1 Connor Murphy            P.K. Subban              60     1   4  0  
 2 Erik Gustafsson          Nathan Beaulieu          40     1   4  0  

4 vs 4 Forward 
   Center                   Wing                     Time % Phy DF OF 
 1 Nathan MacKinnon         Max Pacioretty           60     0   1  4  
 2 Vincent Trocheck         Tomas Tatar              40     0   2  3  

4 vs 4 Defense
   Defense                  Defense                  Time % Phy DF OF 
 1 Tony DeAngelo            P.K. Subban              60     0   2  3  
 2 Erik Gustafsson          Connor Murphy            40     1   2  2  

Last Minutes Offensive
   Center                   Left Wing                Right Wing               Defense                  Defense                  
   Nathan MacKinnon         Tomas Tatar              Max Pacioretty           Tony DeAngelo            P.K. Subban              

Last Minutes Defensive
   Center                   Left Wing                Right Wing               Defense                  Defense                  
   Phillip Danault          Brock McGinn             Vincent Trocheck         P.K. Subban              Connor Murphy            

Goaltenders
Starting : Robin Lehner             
Backup : Thomas Greiss            

Extra Forwards
Normal : Nathan MacKinnon, Max Pacioretty, Roope Hintz - PP : Alex Iafallo, Roope Hintz - PK : Brock McGinn
Extra Defensemen
Normal : Tony DeAngelo, P.K. Subban, Keith Yandle - PP : Tony DeAngelo - PK : Connor Murphy, P.K. Subban
Penalty Shots
Nathan MacKinnon, Max Pacioretty, Tomas Tatar, Roope Hintz, Vincent Trocheck

Scratches
MTL Cap Hit (Suspend)

DETROIT

5 vs 5 Forward 
   Center                   Left Wing                Right Wing               Time % Phy DF OF 
 1 Scott Laughton           Taylor Hall              Ryan Nugent-Hopkins      35     1   2  2  
 2 Christian Dvorak         Max Domi                 Calle Jarnkrok           30     1   2  2  
 3 Alexander Wennberg       Zemgus Girgensons        Valeri Nichushkin        25     1   2  2  
 4 Justin Abdelkader        Chandler Stephenson      Colton Sceviour          10     1   2  2  

5 vs 5 Defense 
   Defense                  Defense                                           Time % Phy DF OF 
 1 Alex Pietrangelo         Aaron Ekblad                                      35     1   2  2  
 2 Tyler Myers              Oscar Klefbom                                     30     1   2  2  
 3 Patrik Nemeth            Andrej Sekera                                     25     1   2  2  
 4 Brendan Smith            Robert Bortuzzo                                   10     1   2  2  

PowerPlay Forward 
   Center                   Left Wing                Right Wing               Time % Phy DF OF 
 1 Scott Laughton           Taylor Hall              Ryan Nugent-Hopkins      60     1   2  2  
 2 Christian Dvorak         Max Domi                 Calle Jarnkrok           40     1   2  2  

PowerPlay Defense
   Defense                  Defense                                           Time % Phy DF OF 
 1 Alex Pietrangelo         Aaron Ekblad                                      60     1   2  2  
 2 Tyler Myers              Oscar Klefbom                                     40     1   2  2  

Penalty Kill 4 Players Forward 
   Center                   Wing                     Time % Phy DF OF 
 1 Ryan Nugent-Hopkins      Colton Sceviour          60     1   2  2  
 2 Scott Laughton           Zemgus Girgensons        40     1   2  2  

Penalty Kill 4 Players Defense
   Defense                  Defense                  Time % Phy DF OF 
 1 Alex Pietrangelo         Aaron Ekblad             60     1   2  2  
 2 Tyler Myers              Oscar Klefbom            40     1   2  2  

Penalty Kill - 3 Players Forward 
   Forward                                           Time % Phy DF OF 
 1 Ryan Nugent-Hopkins                               60     1   2  2  
 2 Colton Sceviour                                   40     1   2  2  

Penalty Kill - 3 Players Defense
   Defense                  Defense                  Time % Phy DF OF 
 1 Alex Pietrangelo         Aaron Ekblad             60     1   2  2  
 2 Tyler Myers              Oscar Klefbom            40     1   2  2  

4 vs 4 Forward 
   Center                   Wing                     Time % Phy DF OF 
 1 Ryan Nugent-Hopkins      Taylor Hall              60     1   2  2  
 2 Scott Laughton           Max Domi                 40     1   2  2  

4 vs 4 Defense
   Defense                  Defense                  Time % Phy DF OF 
 1 Alex Pietrangelo         Aaron Ekblad             60     1   2  2  
 2 Tyler Myers              Oscar Klefbom            40     1   2  2  

Last Minutes Offensive
   Center                   Left Wing                Right Wing               Defense                  Defense                  
   Christian Dvorak         Taylor Hall              Ryan Nugent-Hopkins      Alex Pietrangelo         Aaron Ekblad             

Last Minutes Defensive
   Center                   Left Wing                Right Wing               Defense                  Defense                  
   Scott Laughton           Taylor Hall              Ryan Nugent-Hopkins      Alex Pietrangelo         Aaron Ekblad             

Goaltenders
Starting : John Gibson              
Backup : Pheonix Copley           

Extra Forwards
Normal : Chandler Stephenson, Christian Dvorak, Alexander Wennberg - PP : Chandler Stephenson, Christian Dvorak - PK : Alexander Wennberg
Extra Defensemen
Normal : Patrik Nemeth, Andrej Sekera, Brendan Smith - PP : Patrik Nemeth - PK : Andrej Sekera, Brendan Smith
Penalty Shots
Ryan Nugent-Hopkins, Taylor Hall, Max Domi, Scott Laughton, Calle Jarnkrok

Scratches
Tomas Nosek (Healthy)

% Time on Ice - MONTREAL

Lines # - Real PCT - Wanted PCT - Time Play
Normal Forward
1 - 32% - 35% - 15:34
2 - 27% - 30% - 13:02
3 - 26% - 25% - 12:37
4 - 14% - 10% - 6:52
Normal Defense
1 - 35% - 37% - 16:49
2 - 33% - 32% - 15:52
3 - 31% - 25% - 14:48
4 - 1% - 6% - 0:36
PP Forward
1 - 44% - 60% - 0:52
2 - 56% - 40% - 1:07
PP Defense
1 - 44% - 60% - 0:52
2 - 56% - 40% - 1:07
PK Forward
1 - 73% - 60% - 5:49
2 - 27% - 40% - 2:08
PK Defense
1 - 29% - 60% - 2:16
2 - 71% - 40% - 5:41
PK3 Forward
1 - 0% - 60%
2 - 0% - 40%
PK3 Defense
1 - 0% - 60%
2 - 0% - 40%
44 Forward
1 - 100% - 60% - 1:59
2 - 0% - 40% - 0:00
44 Defense
1 - 57% - 60% - 1:08
2 - 43% - 40% - 0:51
Last Minute Offensive  - 0:00
Last Minute Defensive  - 0:00
Total
Forward - 60:00
Defense - 60:00

% Time on Ice - DETROIT

Lines # - Real PCT - Wanted PCT - Time Play
Normal Forward
1 - 29% - 35% - 14:08
2 - 29% - 30% - 14:08
3 - 24% - 25% - 11:18
4 - 18% - 10% - 8:31
Normal Defense
1 - 30% - 35% - 14:39
2 - 29% - 30% - 13:56
3 - 25% - 25% - 12:01
4 - 16% - 10% - 7:29
PP Forward
1 - 58% - 60% - 4:36
2 - 42% - 40% - 3:21
PP Defense
1 - 67% - 60% - 5:18
2 - 33% - 40% - 2:39
PK Forward
1 - 78% - 60% - 1:33
2 - 22% - 40% - 0:26
PK Defense
1 - 75% - 60% - 1:29
2 - 25% - 40% - 0:30
PK3 Forward
1 - 0% - 60%
2 - 0% - 40%
PK3 Defense
1 - 0% - 60%
2 - 0% - 40%
44 Forward
1 - 58% - 60% - 1:09
2 - 42% - 40% - 0:50
44 Defense
1 - 56% - 60% - 1:07
2 - 44% - 40% - 0:52
Last Minute Offensive  - 0:00
Last Minute Defensive  - 0:00
Total
Forward - 60:00
Defense - 60:00

Play-by-Play

1st period


0:01 of 1st period - Nathan MacKinnon wins face-off versus Ryan Nugent-Hopkins in neutral zone.
0:10 of 1st period - Shot by Alex Iafallo.
0:10 of 1st period - Shot Misses the Net.
1:09 of 1st period - Icing by Tony DeAngelo.
1:10 of 1st period - Nathan MacKinnon wins face-off versus Alexander Wennberg in MONTREAL zone.
1:48 of 1st period - Shot by Alexander Wennberg.
1:48 of 1st period - Shot Misses the Net.
2:20 of 1st period - Shot by Calle Jarnkrok.
2:20 of 1st period - Shot Misses the Net.
2:56 of 1st period - Keith Yandle is hit by Christian Dvorak and loses puck.
3:15 of 1st period - Keith Yandle is hit by Robert Bortuzzo and loses puck.
3:22 of 1st period - Shot by Tomas Tatar.
3:22 of 1st period - Shot Blocked by Robert Bortuzzo.
3:35 of 1st period - Icing by Connor Murphy.
3:36 of 1st period - Scott Laughton wins face-off versus Phillip Danault in MONTREAL zone.
4:03 of 1st period - Shot by Taylor Hall.
4:03 of 1st period - Shot Misses the Net.
4:48 of 1st period - Aaron Ekblad is hit by Roope Hintz and loses puck.
4:58 of 1st period - Icing by Taylor Hall.
4:59 of 1st period - Mark Jankowski wins face-off versus Scott Laughton in DETROIT zone.
5:20 of 1st period - Shot by Wayne Simmonds.
5:20 of 1st period - Stopped by John Gibson without a rebound.
5:21 of 1st period - Alexander Wennberg wins face-off versus Mark Jankowski in DETROIT zone.
5:21 of 1st period - Alexander Wennberg is hit by Brock McGinn.
5:46 of 1st period - Icing by Andrej Sekera.
5:47 of 1st period - Vincent Trocheck wins face-off versus Alexander Wennberg in DETROIT zone.
5:54 of 1st period - Alexander Wennberg is hit by Vincent Trocheck and loses puck.
6:43 of 1st period - Shot by Calle Jarnkrok.
6:43 of 1st period - Stopped by Robin Lehner without a rebound.
6:44 of 1st period - Justin Abdelkader wins face-off versus Phillip Danault in MONTREAL zone.
6:57 of 1st period - Shot by Chandler Stephenson.
6:57 of 1st period - Stopped by Robin Lehner without a rebound.
6:58 of 1st period - Christian Dvorak wins face-off versus Mark Jankowski in MONTREAL zone.
6:58 of 1st period - Christian Dvorak is hit by P.K. Subban.
7:06 of 1st period - Shot by Calle Jarnkrok.
7:06 of 1st period - Stopped by Robin Lehner without a rebound.
7:07 of 1st period - Phillip Danault wins face-off versus Justin Abdelkader in MONTREAL zone.
7:07 of 1st period - Phillip Danault is hit by Colton Sceviour.
7:26 of 1st period - Off-side.
7:27 of 1st period - Nathan MacKinnon wins face-off versus Christian Dvorak in neutral zone.
7:51 of 1st period - Shot by Max Pacioretty.
7:51 of 1st period - Shot Misses the Net.
7:53 of 1st period - Shot by Tony DeAngelo.
7:53 of 1st period - Stopped by John Gibson without a rebound.
7:54 of 1st period - Alexander Wennberg wins face-off versus Phillip Danault in DETROIT zone.
8:06 of 1st period - Off-side.
8:07 of 1st period - Roope Hintz wins face-off versus Scott Laughton in neutral zone.
8:16 of 1st period - Shot by Vincent Trocheck.
8:16 of 1st period - Shot Misses the Net.
8:18 of 1st period - Shot by Erik Gustafsson.
8:18 of 1st period - Shot Misses the Net.
8:38 of 1st period - Shot by Roope Hintz.
8:38 of 1st period - Shot Misses the Net.
8:40 of 1st period - Shot by Nathan Beaulieu.
8:40 of 1st period - Stopped by John Gibson without a rebound.
8:41 of 1st period - Phillip Danault wins face-off versus Christian Dvorak in DETROIT zone.
8:52 of 1st period - Shot by Max Domi.
8:52 of 1st period - Shot Misses the Net.
9:11 of 1st period - Icing by Tyler Myers.
9:12 of 1st period - Christian Dvorak wins face-off versus Alex Iafallo in DETROIT zone.
9:47 of 1st period - Shot by Alexander Wennberg.
9:47 of 1st period - Shot Misses the Net.
9:57 of 1st period - Shot by Alexander Wennberg.
9:57 of 1st period - Shot Blocked by Connor Murphy.
10:51 of 1st period - Shot by Tomas Tatar.
10:51 of 1st period - Stopped by John Gibson with a rebound.
12:08 of 1st period - Shot by P.K. Subban.
12:08 of 1st period - Stopped by John Gibson without a rebound.
12:09 of 1st period - Justin Abdelkader wins face-off versus Nino Niederreiter in DETROIT zone.
12:34 of 1st period - Phillip Danault is hit by Oscar Klefbom and loses puck.
13:16 of 1st period - Shot by Taylor Hall.
13:16 of 1st period - Deflect By Ryan Nugent-Hopkins.
13:16 of 1st period - Shot Blocked by Erik Gustafsson.
13:29 of 1st period - Ryan Nugent-Hopkins is hit by Erik Gustafsson and loses puck.
13:30 of 1st period - Double Minor Penalty to Nathan Beaulieu for Slashing.
13:31 of 1st period - Christian Dvorak wins face-off versus Phillip Danault in MONTREAL zone.
13:32 of 1st period - Shot by Aaron Ekblad.
13:32 of 1st period - Shot Misses the Net.
13:34 of 1st period - Shot by Christian Dvorak.
13:34 of 1st period - Stopped by Robin Lehner without a rebound.
13:35 of 1st period - Christian Dvorak wins face-off versus Phillip Danault in MONTREAL zone.
13:38 of 1st period - Shot by Max Domi.
13:38 of 1st period - Shot Misses the Net.
13:40 of 1st period - Shot by Christian Dvorak.
13:40 of 1st period - Shot Hit the Post.
13:42 of 1st period - Shot by Christian Dvorak.
13:42 of 1st period - Stopped by Robin Lehner with a rebound.
13:46 of 1st period - Shot by Max Domi.
13:46 of 1st period - Stopped by Robin Lehner without a rebound.
13:47 of 1st period - Scott Laughton wins face-off versus Phillip Danault in MONTREAL zone.
16:39 of 1st period - Shot by Aaron Ekblad.
16:39 of 1st period - Stopped by Robin Lehner without a rebound.
16:40 of 1st period - Phillip Danault wins face-off versus Chandler Stephenson in MONTREAL zone.
17:17 of 1st period - Icing by Chandler Stephenson.
17:18 of 1st period - Vincent Trocheck wins face-off versus Chandler Stephenson in DETROIT zone.
17:21 of 1st period - Shot by Vincent Trocheck.
17:21 of 1st period - Shot Misses the Net.
17:59 of 1st period - Shot by Nathan MacKinnon.
17:59 of 1st period - The goal is going for a video replay.
17:59 of 1st period - The goal is refused.
18:00 of 1st period - Scott Laughton wins face-off versus Vincent Trocheck in DETROIT zone.
18:31 of 1st period - Oscar Klefbom is hit by Joel Armia and loses puck.
19:03 of 1st period - Minor Penalty to Nathan Beaulieu for Slashing.
19:04 of 1st period - Phillip Danault wins face-off versus Christian Dvorak in MONTREAL zone.
19:29 of 1st period - Shot by Phillip Danault.
19:29 of 1st period - Stopped by John Gibson with a rebound.
19:57 of 1st period - Icing by Oscar Klefbom.
19:58 of 1st period - Phillip Danault wins face-off versus Scott Laughton in DETROIT zone.
Goals for this period are 0 for MONTREAL vs 0 for DETROIT.
Shots for this period are 7 for MONTREAL vs 7 for DETROIT.

2nd period


0:01 of 2nd period - Scott Laughton wins face-off versus Phillip Danault in neutral zone.
1:36 of 2nd period - Icing by P.K. Subban.
1:37 of 2nd period - Nathan MacKinnon wins face-off versus Valeri Nichushkin in MONTREAL zone.
1:49 of 2nd period - Shot by Valeri Nichushkin.
1:49 of 2nd period - Shot Blocked by Tony DeAngelo.
2:02 of 2nd period - Icing by Max Pacioretty.
2:03 of 2nd period - Nathan MacKinnon wins face-off versus Justin Abdelkader in MONTREAL zone.
2:15 of 2nd period - Connor Murphy is hit by Brendan Smith and loses puck.
2:20 of 2nd period - Shot by Nino Niederreiter.
2:20 of 2nd period - Shot Blocked by Robert Bortuzzo.
2:23 of 2nd period - Phillip Danault is hit by Robert Bortuzzo.
2:37 of 2nd period - Icing by Chandler Stephenson.
2:38 of 2nd period - Justin Abdelkader wins face-off versus Joel Armia in DETROIT zone.
2:51 of 2nd period - Shot by Vincent Trocheck.
2:51 of 2nd period - Stopped by John Gibson with a rebound.
3:51 of 2nd period - Shot by Aaron Ekblad.
3:51 of 2nd period - Shot Misses the Net.
3:53 of 2nd period - Shot by Ryan Nugent-Hopkins.
3:53 of 2nd period - Shot Blocked by Keith Yandle.
4:01 of 2nd period - Shot by Ryan Nugent-Hopkins.
4:01 of 2nd period - Shot Hit the Post.
4:03 of 2nd period - Shot by Alex Pietrangelo.
4:03 of 2nd period - Goal by Alex Pietrangelo - MONTREAL : 0 - DETROIT : 1.
4:04 of 2nd period - Christian Dvorak wins face-off versus Nathan MacKinnon in neutral zone.
5:37 of 2nd period - Icing by Connor Murphy.
5:38 of 2nd period - Phillip Danault wins face-off versus Alexander Wennberg in MONTREAL zone.
6:03 of 2nd period - Valeri Nichushkin is hit by Nino Niederreiter and loses puck.
6:14 of 2nd period - Shot by Erik Gustafsson.
6:14 of 2nd period - Deflect By Vincent Trocheck.
6:14 of 2nd period - Stopped by John Gibson with a rebound.
6:16 of 2nd period - Shot by Joel Armia.
6:16 of 2nd period - Stopped by John Gibson with a rebound.
6:18 of 2nd period - Shot by Nathan Beaulieu.
6:18 of 2nd period - Stopped by John Gibson with a rebound.
6:58 of 2nd period - Shot by Max Domi.
6:58 of 2nd period - Shot Misses the Net.
7:00 of 2nd period - Shot by Calle Jarnkrok.
7:00 of 2nd period - Stopped by Robin Lehner without a rebound.
7:01 of 2nd period - Scott Laughton wins face-off versus Mark Jankowski in MONTREAL zone.
8:54 of 2nd period - Shot by Tomas Tatar.
8:54 of 2nd period - Stopped by John Gibson with a rebound.
10:12 of 2nd period - Shot by Brock McGinn.
10:12 of 2nd period - Stopped by John Gibson with a rebound.
10:14 of 2nd period - Shot by Mark Jankowski.
10:14 of 2nd period - Stopped by John Gibson without a rebound.
10:15 of 2nd period - Nathan MacKinnon wins face-off versus Scott Laughton in DETROIT zone.
10:31 of 2nd period - Taylor Hall is hit by Nathan Beaulieu and loses puck.
12:23 of 2nd period - Shot by Phillip Danault.
12:23 of 2nd period - Deflect By Nino Niederreiter.
12:23 of 2nd period - Stopped by John Gibson without a rebound.
12:24 of 2nd period - Justin Abdelkader wins face-off versus Vincent Trocheck in DETROIT zone.
12:24 of 2nd period - Justin Abdelkader is hit by Joel Armia.
13:17 of 2nd period - Patrik Nemeth is hit by Vincent Trocheck and loses puck.
15:24 of 2nd period - Zemgus Girgensons is hit by Vincent Trocheck and loses puck.
15:45 of 2nd period - Shot by Alexander Wennberg.
15:45 of 2nd period - Deflect By Zemgus Girgensons.
15:45 of 2nd period - Shot Blocked by Joel Armia.
16:00 of 2nd period - Shot by Alexander Wennberg.
16:00 of 2nd period - Shot Misses the Net.
16:07 of 2nd period - Icing by Connor Murphy.
16:08 of 2nd period - Justin Abdelkader wins face-off versus Vincent Trocheck in MONTREAL zone.
16:35 of 2nd period - Shot by Robert Bortuzzo.
16:35 of 2nd period - Stopped by Robin Lehner without a rebound.
16:36 of 2nd period - Christian Dvorak wins face-off versus Phillip Danault in MONTREAL zone.
17:24 of 2nd period - Off-side.
17:25 of 2nd period - Nathan MacKinnon wins face-off versus Scott Laughton in neutral zone.
18:20 of 2nd period - Zemgus Girgensons is hit by P.K. Subban and loses puck.
18:38 of 2nd period - Minor Penalty to P.K. Subban for Charging.
18:39 of 2nd period - Christian Dvorak wins face-off versus Phillip Danault in MONTREAL zone.
19:40 of 2nd period - Icing by Alex Pietrangelo.
19:41 of 2nd period - Scott Laughton wins face-off versus Phillip Danault in DETROIT zone.
Goals for this period are 0 for MONTREAL vs 1 for DETROIT.
Shots for this period are 8 for MONTREAL vs 3 for DETROIT.

3rd period


0:01 of 3rd period - Scott Laughton wins face-off versus Brock McGinn in neutral zone.
0:35 of 3rd period - Shot by Ryan Nugent-Hopkins.
0:35 of 3rd period - Shot Misses the Net.
0:50 of 3rd period - Icing by Max Domi.
0:51 of 3rd period - Vincent Trocheck wins face-off versus Max Domi in DETROIT zone.
0:51 of 3rd period - Vincent Trocheck is hit by Tyler Myers.
1:23 of 3rd period - Shot by Calle Jarnkrok.
1:23 of 3rd period - Stopped by Robin Lehner with a rebound.
1:47 of 3rd period - Nathan Beaulieu is hit by Zemgus Girgensons.
2:59 of 3rd period - Shot by Max Pacioretty.
2:59 of 3rd period - Deflect By Nathan MacKinnon.
2:59 of 3rd period - Shot Misses the Net.
3:01 of 3rd period - Shot by Alex Iafallo.
3:01 of 3rd period - Shot Misses the Net.
3:44 of 3rd period - Shot by Wayne Simmonds.
3:44 of 3rd period - Stopped by John Gibson with a rebound.
3:46 of 3rd period - Shot by Brock McGinn.
3:46 of 3rd period - Deflect By Wayne Simmonds.
3:46 of 3rd period - Shot Misses the Net.
3:48 of 3rd period - Shot by Brock McGinn.
3:48 of 3rd period - Stopped by John Gibson with a rebound.
3:50 of 3rd period - Shot by P.K. Subban.
3:50 of 3rd period - Shot Blocked by Robert Bortuzzo.
5:18 of 3rd period - Shot by Roope Hintz.
5:18 of 3rd period - Shot Misses the Net.
5:20 of 3rd period - Shot by Keith Yandle.
5:20 of 3rd period - Shot Misses the Net.
5:22 of 3rd period - Shot by Roope Hintz.
5:22 of 3rd period - Shot Blocked by Valeri Nichushkin.
5:24 of 3rd period - Shot by Connor Murphy.
5:24 of 3rd period - Deflect By Roope Hintz.
5:24 of 3rd period - Stopped by John Gibson without a rebound.
5:25 of 3rd period - Scott Laughton wins face-off versus Nathan MacKinnon in DETROIT zone.
5:40 of 3rd period - Shot by Alex Iafallo.
5:40 of 3rd period - Shot Blocked by Aaron Ekblad.
5:44 of 3rd period - Shot by Nathan MacKinnon.
5:44 of 3rd period - Deflect By Max Pacioretty.
5:44 of 3rd period - Goal by Max Pacioretty - MONTREAL : 1 - DETROIT : 1.
5:45 of 3rd period - Mark Jankowski wins face-off versus Valeri Nichushkin in neutral zone.
6:10 of 3rd period - Shot by Alexander Wennberg.
6:10 of 3rd period - Stopped by Robin Lehner without a rebound.
6:11 of 3rd period - Scott Laughton wins face-off versus Max Pacioretty in MONTREAL zone.
6:41 of 3rd period - Shot by Connor Murphy.
6:41 of 3rd period - Stopped by John Gibson without a rebound.
6:42 of 3rd period - Phillip Danault wins face-off versus Christian Dvorak in DETROIT zone.
7:50 of 3rd period - Aaron Ekblad is hit by Vincent Trocheck and loses puck.
8:18 of 3rd period - Minor Penalty to Zemgus Girgensons for High sticking.
8:18 of 3rd period - Minor Penalty to Nathan Beaulieu for Hooking.
8:19 of 3rd period - Nathan MacKinnon wins face-off versus Ryan Nugent-Hopkins in MONTREAL zone.
8:36 of 3rd period - Shot by Ryan Nugent-Hopkins.
8:36 of 3rd period - Shot Misses the Net.
9:11 of 3rd period - Icing by Erik Gustafsson.
9:12 of 3rd period - Phillip Danault wins face-off versus Scott Laughton in MONTREAL zone.
9:12 of 3rd period - Phillip Danault is hit by Scott Laughton.
9:27 of 3rd period - Shot by Brock McGinn.
9:27 of 3rd period - Stopped by John Gibson with a rebound.
9:29 of 3rd period - Shot by Phillip Danault.
9:29 of 3rd period - Stopped by John Gibson with a rebound.
10:15 of 3rd period - Icing by Ryan Nugent-Hopkins.
10:16 of 3rd period - Nathan MacKinnon wins face-off versus Ryan Nugent-Hopkins in DETROIT zone.
10:50 of 3rd period - Shot by Vincent Trocheck.
10:50 of 3rd period - Stopped by John Gibson without a rebound.
10:51 of 3rd period - Phillip Danault wins face-off versus Justin Abdelkader in DETROIT zone.
10:52 of 3rd period - Shot by Tomas Tatar.
10:52 of 3rd period - Shot Misses the Net.
11:19 of 3rd period - Shot by Justin Abdelkader.
11:19 of 3rd period - Stopped by Robin Lehner with a rebound.
11:51 of 3rd period - Shot by Max Pacioretty.
11:51 of 3rd period - Stopped by John Gibson with a rebound.
11:53 of 3rd period - Shot by Alex Iafallo.
11:53 of 3rd period - Shot Misses the Net.
11:55 of 3rd period - Shot by Alex Iafallo.
11:55 of 3rd period - Shot Misses the Net.
12:17 of 3rd period - Shot by Max Pacioretty.
12:17 of 3rd period - Deflect By Nathan MacKinnon.
12:17 of 3rd period - Stopped by John Gibson without a rebound.
12:18 of 3rd period - Scott Laughton wins face-off versus Vincent Trocheck in DETROIT zone.
13:07 of 3rd period - Shot by P.K. Subban.
13:07 of 3rd period - Shot Hit the Post.
13:52 of 3rd period - Icing by Tyler Myers.
13:53 of 3rd period - Christian Dvorak wins face-off versus Phillip Danault in DETROIT zone.
14:18 of 3rd period - Shot by Tomas Tatar.
14:18 of 3rd period - Shot Blocked by Tyler Myers.
14:20 of 3rd period - Shot by Nathan Beaulieu.
14:20 of 3rd period - Stopped by John Gibson without a rebound.
14:21 of 3rd period - Alexander Wennberg wins face-off versus Nathan MacKinnon in DETROIT zone.
14:25 of 3rd period - Minor Penalty to Andrej Sekera for Slashing.
14:26 of 3rd period - Nathan MacKinnon wins face-off versus Ryan Nugent-Hopkins in DETROIT zone.
14:44 of 3rd period - Icing by Max Pacioretty.
14:45 of 3rd period - Ryan Nugent-Hopkins wins face-off versus Nathan MacKinnon in MONTREAL zone.
14:51 of 3rd period - Off-side.
14:52 of 3rd period - Ryan Nugent-Hopkins wins face-off versus Phillip Danault in neutral zone.
15:22 of 3rd period - Shot by P.K. Subban.
15:22 of 3rd period - Stopped by John Gibson without a rebound.
15:23 of 3rd period - Scott Laughton wins face-off versus Nathan MacKinnon in DETROIT zone.
15:48 of 3rd period - Shot by Keith Yandle.
15:48 of 3rd period - Stopped by John Gibson without a rebound.
15:49 of 3rd period - Ryan Nugent-Hopkins wins face-off versus Phillip Danault in DETROIT zone.
16:32 of 3rd period - Icing by Andrej Sekera.
16:33 of 3rd period - Nathan MacKinnon wins face-off versus Christian Dvorak in DETROIT zone.
17:32 of 3rd period - Wayne Simmonds is hit by Christian Dvorak.
18:04 of 3rd period - Shot by Aaron Ekblad.
18:04 of 3rd period - Shot Blocked by Brock McGinn.
18:24 of 3rd period - Icing by Mark Jankowski.
18:25 of 3rd period - Mark Jankowski wins face-off versus Scott Laughton in MONTREAL zone.
18:29 of 3rd period - Tony DeAngelo is hit by Scott Laughton and loses puck.
18:36 of 3rd period - Shot by Taylor Hall.
18:36 of 3rd period - Stopped by Robin Lehner without a rebound.
18:37 of 3rd period - Justin Abdelkader wins face-off versus Phillip Danault in MONTREAL zone.
Goals for this period are 1 for MONTREAL vs 0 for DETROIT.
Shots for this period are 13 for MONTREAL vs 4 for DETROIT.

Overtime #1


0:01 of 1st overtime period - Calle Jarnkrok wins face-off versus Phillip Danault in neutral zone.
0:06 of 1st overtime period - Shot by Calle Jarnkrok.
0:06 of 1st overtime period - Goal by Calle Jarnkrok - MONTREAL : 1 - DETROIT : 2.
Goals for this period are 0 for MONTREAL vs 1 for DETROIT.
Shots for this period are 0 for MONTREAL vs 1 for DETROIT.